 Dungeon Crawl Stone Soup version 0.27.1-3-gb3d3a73c9e (webtiles) character file.

Game seed: 17975839012708937661

12568 Descartes the Covert (level 11, 0/47 HPs)
             Began as a Spriggan Venom Mage on Oct 22, 2021.
             Was an Initiate of Gozag.
             Killed from afar by a rime drake (14 damage)
             ... with a flash freeze
             ... on level 2 of the Lair of Beasts.
             The game lasted 00:53:55 (19166 turns).

Descartes the Covert (Spriggan Venom Mage)         Turns: 19166, Time: 00:53:56

Health: 0/47       AC:  8    Str:  5    XL:     11   Next: 64%
Magic:  14/19      EV: 23    Int: 17    God:    Gozag
Gold:   1866       SH:  0    Dex: 16    Spells: 1/20 levels left

rFire    . . .     SeeInvis +   V - +8 dagger "Raeraimy" {vorpal, rC++ Str-2}
rCold    + + .     Faith    .   (shield restricted)
rNeg     + . .     Spirit   .   t - +2 robe {rN+}
rPois    .         Reflect  .   (helmet restricted)
rElec    .         Harm     .   (no cloak)
rCorr    .         Rampage  .   (gloves unavailable)
Will     ++...                  (boots unavailable)
Stlth    ++++......             C - amulet of regeneration
HPRegen  1.15/turn              G - ring of willpower
MPRegen  0.16/turn              u - +4 ring of protection

@: lethally poisoned (0 -> -1), very quick
A: very small, no large weapons, unfitting armour, see invisible, speed 3
a: Renounce Religion, Potion Petition, Call Merchant, Bribe Branch


You were on level 2 of the Lair of Beasts.
You worshipped Gozag.
Gozag was most pleased with you.
You visited 3 branches of the dungeon, and saw 12 of its levels.

You collected 1901 gold pieces.
You paid 35 gold pieces to Gozag.

Inventory:

Hand Weapons
 a - a +1 antimagic dagger
 d - a +0 short sword
 y - a +2 dagger of venom
 J - a +0 hunting sling
 L - a +0 quarterstaff of pain
 M - a +0 shortbow
 V - the +8 dagger "Raeraimy" (weapon) {vorpal, rC++ Str-2}
   (You found it on level 2 of the Lair of Beasts)

   It inflicts extra damage upon your enemies.
   Str:       It affects your strength (-2).
   rC:        It greatly protects you from cold.
Missiles
 b - 285 stones
 n - 2 throwing nets
 p - 245 arrows
 r - 49 poisoned darts (quivered)
 B - 9 curare-tipped darts
 D - 4 boomerangs
 E - 20 sling bullets
 H - 2 atropa-tipped darts
 U - 2 silver boomerangs
Armour
 t - a +2 robe of positive energy (worn)
 N - +0 acid dragon scales
 X - a +0 cloak
Jewellery
 u - a +4 ring of protection (right hand)
 C - an amulet of regeneration (around neck)
 G - a ring of willpower (left hand)
 O - a +6 ring of dexterity
Wands
 g - a wand of flame (18)
 w - a wand of iceblast (15)
 T - a wand of acid (12)
Scrolls
 f - 2 scrolls of noise
 i - 2 scrolls of enchant armour {unknown}
 j - 4 scrolls of teleportation
 x - 3 scrolls of identify
 F - 3 scrolls of magic mapping {unknown}
 I - a scroll of amnesia
 K - 4 scrolls of torment {unknown}
 Q - a scroll of holy word {unknown}
 R - a scroll of enchant weapon
Potions
 c - 2 potions of flight {unknown}
 e - 2 potions of mutation {unknown}
 h - a potion of haste {unknown}
 k - a potion of heal wounds
 l - a potion of berserk rage {unknown}
 m - a potion of cancellation
 o - a potion of magic
 q - 2 potions of lignification {unknown}
 s - 4 potions of curing {unknown}
 v - a potion of brilliance {unknown}
 z - a potion of invisibility {unknown}
 A - 3 potions of degeneration {unknown}
 P - a potion of might {unknown}
 W - 2 potions of attraction {unknown}
Miscellaneous
 S - a tin of tremorstones (2/2)


   Skills:
 - Level 10.0 Dodging
 - Level 10.0 Stealth
 - Level 5.0 Spellcasting
 + Level 5.8 Conjurations
 - Level 10.0 Transmutations
 + Level 6.3 Fire Magic
 + Level 1.4 Earth Magic
 + Level 9.0 Poison Magic


You had one spell level left.
You knew the following spells:

 Your Spells              Type           Power      Damage    Failure   Level
a - Sting                 Tmut/Pois      100%       1d8       1%          1
b - Foxfire               Conj/Fire      100%       2x1d9     1%          1
c - Olgreb's Toxic Radia  Pois           35%        N/A       3%          4
d - Ignite Poison         Fire/Tmut/Pois 33%        N/A       1%          3
e - Sticky Flame          Conj/Fire      25%        2d5       12%         4
f - Magic Dart            Conj           96%        1d7       1%          1
g - Bolt of Magma         Conj/Fire/Erth 9%         4d7       52%         5

Your spell library contained the following spells:

 Spells                   Type           Power      Damage    Failure   Level
 Poisonous Vapours        Pois/Air       38%        N/A       3%          2
 Conjure Flame            Conj/Fire      25%        6-21      3%          3
 Mephitic Cloud           Conj/Pois/Air  21%        N/A       5%          3
 Alistair's Intoxication  Tmut/Pois      24%        N/A       8%          5
 Inner Flame              Hex/Fire       15%        N/A       12%         3
 Call Imp                 Summ           4%         N/A       22%         2
 Eringya's Noxious Bog    Tmut/Pois      18%        N/A       41%         6
 Borgnjor's Vile Clutch   Necr/Erth      3%         N/A       96%         5


Dungeon Overview and Level Annotations

Branches:
Dungeon (9/15)             Temple (1/1) D:4            Lair (2/6) D:9
 Shoals (0/4) Lair:2
  Snake: Lair:2-4    Spider: Lair:2-4       Orc: D:9-12

Altars:
Ashenzari
Cheibriados
Dithmenos
Elyvilon
Fedhas
Gozag
Hepliaklqana
Kikubaaqudgha
Makhleb
Nemelex Xobeh
Okawaru
Qazlal
Ru
Sif Muna
Trog
Uskayaw
Vehumet
Wu Jian
Xom
Yredelemnul
Zin
The Shining One

Shops:
D:2 !

Annotations:
D:9 3 runed translucent doors, jeko's ghost, amateur HOMo


Innate Abilities, Weirdness & Mutations

You are very small and have problems with some larger weapons.
You are too small for most types of armour.
You have supernaturally acute eyesight. (SInv)
You cover ground extremely quickly. (Speed+++)


Message History

The foxfire hits the rime drake.
The rime drake is lightly wounded.
Casting: Foxfire (safe; 1% risk of failure)
Confirm with . or Enter, or press ? or * to list all spells.
You conjure some foxfire!
The cane toad stings you.
The foxfire hits the rime drake!
The rime drake is heavily wounded.
The foxfire hits the cane toad but does no damage.
The cane toad is moderately wounded.
Casting: Foxfire (safe; 1% risk of failure)
Confirm with . or Enter, or press ? or * to list all spells.
You conjure some foxfire!
The rime drake breathes ice at you. The flash freeze hits you!
You partially resist.
You are encased in ice.
The cane toad barely misses you. The rime drake bites you.
The foxfire hits the rime drake.
The rime drake is heavily wounded.
The foxfire hits the rime drake.
The rime drake is severely wounded.
The cane toad stings you.
You are poisoned.
The cane toad poisons you!
You feel very sick.
You feel very sick. The rime drake closely misses you.
The ice encasing you melts away.
You feel very sick.
You feel sick.
You feel sick.
You feel sick.
You feel sick.
You feel sick.
There is a stone staircase leading down here.
You feel sick.
You feel sick. The rime drake breathes ice at you. The flash freeze hits you!
You partially resist.
You die...
Your body crumbles into a pile of gold.

#.........## #..P###........
#..###....P# #...##P........
#..##P....## ##..####........
#..###.....# #....###..PP..#.
#...#.....P########..###...######
...##......##.#P###..# ##.##
....#................# #P.#
.....................####.#
................@..>kF....####
................##.#####..#P.####
####..#.#P..#...#### #.........
## #..########...# ##.....[...
P###..#P#.####..##### #......##..
................P##P####....## #
##....##............>......[#
##...###......[.............#
#....##.....###.............##


You could see a cane toad and a rime drake (catching breath).

Vanquished Creatures
  Pikel (D:3)
  An ugly thing (D:6)
  Maggie (D:8)
  3 cane toads (Lair:2)
  A kobold demonologist (D:9)
  7 komodo dragons
  2 trolls (D:9)
  3 wyverns
  A basilisk (Lair:1)
  A steam dragon (D:7)
  9 yaks
  Edmund (D:6)
  An acid dragon (D:9)
  8 water moccasins
  A swamp drake (Lair:1)
  4 orc warriors
  2 black bears
  2 sky beasts
  2 ogres
  2 necrophages
  8 wolves
  4 centaurs
  2 phantoms (D:4)
  A kobold brigand (D:8)
  Blork the orc (D:4)
  9 bullfrogs
  2 scorpions
  A water moccasin skeleton (D:5)
  5 killer bees (D:8)
  A howler monkey (D:6)
  A wight (D:8)
  3 electric eels (D:9)
  5 orc priests
  2 centaur zombies
  4 hounds
  2 centaur skeletons
  2 bullfrog skeletons (D:6)
  2 jellies
  Ijyb (D:4)
  13 iguanas
  Natasha (thrice) (D:2)
  7 orc wizards
  A scorpion zombie (D:5)
  A killer bee zombie (D:7)
  A hound zombie (D:5)
  A hound skeleton (D:5)
  A howler monkey zombie (D:6)
  3 gnolls (D:2)
  8 adders
  A shadow imp (D:4)
  A white imp (D:8)
  5 worms
  4 dart slugs
  22 orcs
  7 bats
  A bat zombie (D:8)
  7 endoplasms
  5 giant cockroaches
  4 hobgoblins
  3 jackals (D:5)
  3 quokkas (D:2)
  9 ball pythons
  17 frilled lizards
  11 goblins
  11 kobolds
  2 rats
261 creatures vanquished.

Vanquished Creatures (collateral kills)
  A cane toad (Lair:1)
  A foxfire (Lair:2)
2 creatures vanquished.

Vanquished Creatures (others)
  130 foxfires (Lair:2)
  6 fungi (Lair:1)
  7 plants
143 creatures vanquished.

Grand Total: 406 creatures vanquished

Notes
Turn   | Place    | Note
-------+----------+-------------------------------------------
     0 | D:1      | Descartes the Spriggan Venom Mage began the quest for the
                  | Orb.
     0 | D:1      | Reached XP level 1. HP: 9/9 MP: 5/5
   199 | D:1      | Reached XP level 2. HP: 13/13 MP: 2/7
   664 | D:1      | Reached XP level 3. HP: 16/16 MP: 2/8
   900 | D:2      | Noticed Natasha
   917 | D:2      | Killed Natasha
  1058 | D:2      | Found Xeugierph's Distillery.
  1123 | D:2      | Reached XP level 4. HP: 21/21 MP: 5/10
  1263 | D:2      | Found a faded altar of an unknown god.
  1489 | D:2      | Noticed Natasha
  1502 | D:2      | Killed Natasha
  1762 | D:2      | Reached XP level 5. HP: 24/24 MP: 5/12
  1937 | D:2      | Noticed Natasha
  1961 | D:2      | Killed Natasha
  2635 | D:3      | Learned a level 1 spell: Magic Dart
  2640 | D:3      | Learned a level 4 spell: Olgreb's Toxic Radiance
  3312 | D:4      | Noticed Blork the orc
  3330 | D:4      | Killed Blork the orc
  3331 | D:4      | Reached XP level 6. HP: 15/28 MP: 6/13
  4452 | D:4      | Noticed Pikel
  4568 | D:4      | Noticed Ijyb
  4735 | D:4      | Killed Ijyb
  4816 | D:4      | Reached skill level 1 in Fire Magic
  4947 | D:4      | Found a staircase to the Ecumenical Temple.
  5021 | Temple   | Entered the Ecumenical Temple
  5175 | Temple   | Became a worshipper of Gozag Ym Sagoz the Greedy
  6596 | D:3      | Killed Pikel
  6597 | D:3      | Reached skill level 5 in Dodging
  6597 | D:3      | Reached skill level 5 in Spellcasting
  6597 | D:3      | Reached skill level 1 in Conjurations
  6597 | D:3      | Reached skill level 5 in Transmutations
  6597 | D:3      | Reached skill level 5 in Poison Magic
  6597 | D:3      | Reached XP level 7. HP: 32/32 MP: 0/15
  7116 | D:4      | Reached XP level 8. HP: 34/36 MP: 0/16
  7337 | D:5      | Entered Level 5 of the Dungeon
  9214 | D:5      | Learned a level 3 spell: Ignite Poison
  9219 | D:5      | Learned a level 4 spell: Sticky Flame
  9574 | D:6      | Noticed a brown ugly thing
  9611 | D:6      | Killed a brown ugly thing
  9612 | D:6      | Reached XP level 9. HP: 39/39 MP: 4/17
 10016 | D:6      | Noticed Edmund
 10047 | D:6      | Killed Edmund
 11722 | D:8      | Noticed Maggie
 11727 | D:8      | Killed Maggie
 11728 | D:8      | Reached XP level 10. HP: 44/44 MP: 0/18
 12174 | D:8      | Found an ancient bone altar of Kikubaaqudgha.
 12562 | D:8      | Reached skill level 10 in Stealth
 14313 | D:9      | Found a runed translucent gate.
 14313 | D:9      | Found a runed translucent gate.
 14313 | D:9      | Found a runed translucent gate.
 14314 | D:9      | Noticed a spectral centaur warrior
 14315 | D:9      | Noticed jeko's ghost (amateur HOMo)
 14347 | D:9      | Reached skill level 5 in Fire Magic
 15003 | D:9      | Found a staircase to the Lair.
 15634 | Lair:1   | Entered Level 1 of the Lair of Beasts
 15799 | Lair:1   | Reached XP level 11. HP: 44/47 MP: 11/19
 15815 | Lair:1   | HP: 1/47 [cane toad (21)]
 15833 | Lair:1   | Reached skill level 5 in Conjurations
 16721 | Lair:1   | Reached skill level 10 in Dodging
 16873 | Lair:1   | Reached skill level 10 in Transmutations
 17971 | Lair:1   | Learned a level 1 spell: Foxfire
 17986 | Lair:1   | Learned a level 5 spell: Bolt of Magma
 18357 | Lair:2   | Reached skill level 1 in Earth Magic
 18489 | Lair:2   | Identified the +8 dagger "Raeraimy" {vorpal, rC++ Str-2}
 18567 | Lair:2   | Found a staircase to the Shoals.
 19166 | Lair:2   | Killed from afar by a rime drake

Illustrated notes

Levels and vault maps discovered:
D:1:      saegor_arrival_simple_c, layout_rooms
D:2:      layout_loops_cross, serial_shops, shop_fountains,
          hellmonk_ecumenical_altar_crossroads, uniq_natasha
D:3:      layout_loops_cross
D:4:      layout_loops_ring, minmay_temple_entry_statues, uniq_ijyb, uniq_pikel,
          uniq_blork_the_orc
D:5:      layout_basic
D:6:      layout_rooms, uniq_edmund
D:7:      layout_rooms, minmay_misc_feat_square
D:8:      layout_gridville, lemuel_zombie_altar_kikubaaqudgha, uniq_maggie
D:9:      layout_basic, erik_lair_island, gammafunk_ghost_necromancy,
          corner_web_ring
Temple:   kilobyte_greek_temple
Lair:1:   lemuel_reptile_caves, layout_misc_corridors
Lair:2:   layout_small_grid, shoals_dummy_entry, infiniplex_staircase_pool,
          serial_bayou_shore_b

Skill      XL: |  1  2  3  4  5  6  7  8  9 10 11 |
---------------+----------------------------------+-----
Spellcasting   | 3 4 5 |  5.0
Transmutations | 2 3 5 6 7 9 10 | 10.0
Dodging        | 3 5 6 8 9 10 | 10.0
Poison Magic   | 4 5 6 8 9 |  9.0
Stealth        | 4 6 8 9 10 | 10.0
Fire Magic     | 1 3 4 5 6 |  6.3
Conjurations   | 1 2 3 4 5 |  5.8
Earth Magic    | 1 |  1.4

Action                   |  1- 3 |  4- 6 |  7- 9 | 10-12 || total
-------------------------+-------+-------+-------+-------++-------
Melee: Short sword       |     2 |    39 |       |       ||    41
       Dagger            |       |       |   259 |    97 ||   356
Throw: Dart              |       |     3 |       |       ||     3
 Cast: Sting             |    53 |   143 |    62 |    35 ||   293
       Magic Dart        |       |   108 |    82 |    67 ||   257
       Olgreb's Toxic Ra |       |     1 |    19 |    55 ||    75
       Ignite Poison     |       |       |    26 |    72 ||    98
       Foxfire           |       |       |       |    77 ||    77
Evoke: Wand              |       |       |     1 |    16 ||    17
  Use: Scroll            |       |       |       |     6 ||     6
       Potion            |       |       |       |     3 ||     3
 Stab: Sleeping          |     1 |       |     3 |     1 ||     5
Armor: Robe              |     1 |    14 |    42 |    15 ||    72
Dodge: Dodged            |    13 |   150 |   296 |   156 ||   615
